AoeStats
← Cuchodark_79

Arabia

510478114Analyzed
1v1 RM · 1d ago on Oct 1, 2026· 35m 12s· 2 players
Game mode
Random Map
Map size
Tiny (2 player)
Population
200
Speed
Normal
Resources
Standard
Victory
Conquest
Starting age
Dark Age
Ending age
Imperial Age
RankedLock teamsTeams togetherTeam positionsShared explorationLock speedFull tech treeHidden civsTurbo modeCheats
Victory
Defeat
🇨🇱 Hindustanis · Chile
1035
+15
1019
-15
Mmhhhhhhhhhhhhhhhhhhhhhhh
10:03 Loom
11:49 Feudal Age
13:15 Feudal Age
13:59 Double-Bit Axe
18:34 Castle Age
17:31 Horse Collar
17:43 Gold Mining
17:43 Stone Mining
17:42 Town Watch
20:47 Bow Saw
33:01 Wheelbarrow
36:27 Imperial Age
33:50 Fletching
34:00 Padded Archer Armor
34:24 Scale Mail Armor
34:34 Forging
34:48 Ballistics
34:09 Treadmill Crane
Cuchodark_79
6:54 Loom
9:24 Feudal Age
10:03 Double-Bit Axe
18:15 Castle Age
16:24 Horse Collar
17:21 Gold Mining
20:19 Bow Saw
22:22 Wheelbarrow
22:50 Town Watch
24:01 Heavy Plow
24:56 Husbandry
26:13 Hand Cart
30:29 Imperial Age
28:01 Padded Archer Armor
29:00 Gold Shaft Mining
29:54 Leather Archer Armor
29:30 Fletching
30:55 Grand Trunk Road
31:04 Stone Mining
33:02 Chemistry
32:00 Murder Holes
33:22 Ring Archer Armor
33:04 Forging
34:09 Stone Shaft Mining
34:38 Scale Mail Armor
36:10 Conscription
Connection lost

Rejoining the realm…

Still unreachable

The connection could not be restored.

Session expired

The server has moved on; the page needs a fresh start.